 Dungeon Crawl Stone Soup version 0.23.2-40-g277498a001 (webtiles) character file.

Game seed: 17549621948014209672

1811 Glamhuggeren the Covert (level 9, -17/42 HPs)
             Began as a Vine Stalker Assassin on Oct 10, 2019.
             Was a Believer of Dithmenos.
             Demolished by a two-headed ogre
             ... wielding a +0 giant club
              (21 damage)
             ... on level 6 of the Dungeon.
             The game lasted 00:39:09 (5578 turns).

Glamhuggeren the Covert (Vine Stalker Assassin)     Turns: 5578, Time: 00:39:11

Health: -17/42     AC:  5    Str: 20    XL:     9   Next: 10%
Magic:  0/10       EV: 11    Int: 11    God:    Dithmenos [**....]
Gold:   354        SH:  0    Dex: 17    Spells: 8/8 levels left

rFire    + . .     SeeInvis .   a - +2 dagger
rCold    + . .     Gourm    .   (no shield)
rNeg     . . .     Faith    .   x - +1 leather armour {rF+}
rPois    .         Spirit   +   (no helmet)
rElec    .         Reflect  .   d - +0 cloak
rCorr    .         Harm     .   (no gloves)
MR       +....                  (no boots)
Stlth    +++++++...             I - amulet of regeneration
HPRegen  0.94/turn              u - +4 ring of strength
MPRegen  0.12/turn              D - ring of stealth

@: wreathed by umbra
A: fangs 3, cold resistance 1, sense surroundings 1, regeneration 1, magic
shield, antimagic bite, no potion heal 3, rot immunity
a: Shadow Step, Renounce Religion


You were on level 6 of the Dungeon.
You worshipped Dithmenos.
Dithmenos was pleased with you.
You were not hungry.

You visited 2 branches of the dungeon, and saw 7 of its levels.
You also visited: Sewer and Ossuary.

You collected 354 gold pieces.

Inventory:

Hand Weapons
 a - a +2 dagger (weapon)
 b - a +1 blowgun
 c - a +3 shortbow
Missiles
 e - 29 poisoned needles
 f - 10 curare-tipped needles
 h - 49 arrows
 l - 6 javelins (quivered)
 y - 8 needles of confusion
 A - 83 stones
 C - 8 tomahawks
Armour
 d - a +0 cloak (worn)
 x - a +1 leather armour of fire resistance (worn)
Jewellery
 j - an uncursed ring of ice
 r - an uncursed ring of resist corrosion
 u - a +4 ring of strength (left hand)
 v - a +4 ring of strength
 D - a ring of stealth (right hand)
 I - an amulet of regeneration (around neck)
Wands
 t - a wand of random effects (28)
 H - a wand of polymorph (11)
Scrolls
 m - a scroll of amnesia
 n - a scroll of enchant weapon
 p - 3 scrolls of identify
 q - 2 scrolls of fog
 s - 2 scrolls of remove curse {unknown}
 w - a scroll of magic mapping
 E - 3 scrolls of teleportation
 F - a scroll of immolation {unknown}
 G - a scroll of fear {unknown}
 L - 2 scrolls of blinking {unknown}
Potions
 i - 4 potions of curing
 k - 2 potions of heal wounds {unknown}
 o - 4 potions of flight
 z - a potion of lignification {unknown}
 B - 3 potions of resistance {unknown}
 J - a potion of magic
 K - a potion of brilliance {unknown}
Comestibles
 g - 12 rations
 M - 6 chunks of flesh


   Skills:
 - Level 2.0 Fighting
 * Level 7.5 Short Blades
 - Level 2.0 Throwing
 - Level 1.0 Dodging
 * Level 11.3 Stealth


You had 8 spell levels left.
You didn't know any spells.
Your spell library was empty.

Dungeon Overview and Level Annotations

Branches:
Dungeon (6/15)             Temple (1/1) D:4

Altars:
Ashenzari
Dithmenos
Elyvilon
Fedhas
Gozag
Hepliaklqana
Makhleb
Nemelex Xobeh
Okawaru
Sif Muna
Trog
Uskayaw
Vehumet
Wu Jian
Xom
Yredelemnul
The Shining One


Innate Abilities, Weirdness & Mutations

You have razor-sharp teeth.
Your natural rate of healing is unusually fast.
When hurt, damage is shared between your health and your magic reserves.
Your bite disrupts and absorbs the magic of your enemies.
Potions cannot restore your health.
You are immune to rotting.
Your flesh is cold resistant. (rC+)
You passively map a small area around you.


Message History

The two-headed ogre barely misses you.
You hit the two-headed ogre. Your bite misses the two-headed ogre.
The two-headed ogre is heavily wounded.
You barely miss the two-headed ogre. You bite the two-headed ogre.
You drain its power.
You feel invigorated.
The two-headed ogre is heavily wounded.
The two-headed ogre closely misses you.
The two-headed ogre hits you with a +0 giant club.
You hit the two-headed ogre.
You bite the two-headed ogre, but do no damage.
The two-headed ogre is severely wounded.
You hit the two-headed ogre. Your bite misses the two-headed ogre.
The two-headed ogre is severely wounded.
You closely miss the two-headed ogre. Your bite misses the two-headed ogre.
The two-headed ogre is severely wounded.
The two-headed ogre hits you with a +0 giant club!!
* * * LOW HITPOINT WARNING * * *
The two-headed ogre hits you with a +0 giant club!!
Ouch! That really hurt!
You die...

.........#*,,,,,*,,*
.........#*,####*.#*
.........#*,#...#.#
###########,#...#.# *****
##..#...#.# *,,,*
#########..##...#.#**,,,*
................#.##,,,,*
.....).###.#**#O...#,,,,*
.........#.## #.@%.#,*,**
............###....#,*,*
.......#........>..#,*,*
.......##..####....#,,,*
.########.####.....#.***
.....##...#..........#
####..#.#....###....%#
#####.....##.#*......#
.......#####.##......#


You could see a two-headed ogre.

Vanquished Creatures
  A phantom (D:6)
  3 ogres
  A centaur (D:6)
  A big kobold (Sewer)
  An elf zombie (Ossuary)
  A bullfrog (D:6)
  2 scorpions
  2 howler monkeys
  4 crimson imps
  A quasit (D:5)
  An orc priest (D:6)
  2 orc wizards
  2 centaur zombies (Ossuary)
  3 hounds
  3 jellies
  A human zombie (Ossuary)
  Jessica (D:3)
  An iguana (D:4)
  Natasha (twice) (D:2)
  A worker ant (D:5)
  A big kobold zombie (Ossuary)
  A hound zombie (D:5)
  A hound skeleton (D:5)
  2 mummies (Ossuary)
  2 worker ant zombies (D:5)
  An adder (D:2)
  5 gnolls
  4 river rats
  3 shadow imps
  An ooze (D:3)
  3 adder zombies
  3 worms
  5 dart slugs
  4 leopard geckos
  11 orcs
  13 bats
  7 giant cockroaches
  4 hobgoblins
  10 jackals
  4 quokkas
  3 ball pythons
  5 frilled lizards
  9 goblins
  2 goblin zombies (D:6)
  9 hobgoblin zombies (Ossuary)
  A jackal zombie (Ossuary)
  10 kobolds
  11 kobold zombies (Ossuary)
  A leopard gecko zombie (D:5)
  9 orc zombies (Ossuary)
  8 rats
  A rat zombie (Ossuary)
188 creatures vanquished.

Notes
Turn   | Place    | Note
-------+----------+-------------------------------------------
     0 | D:1      | Glamhuggeren the Vine Stalker Assassin began the quest for
                  | the Orb.
     0 | D:1      | Reached XP level 1. HP: 11/11 MP: 2/2
   127 | D:1      | Reached skill level 5 in Stealth
   128 | D:1      | Reached XP level 2. HP: 3/15 MP: 1/3
   381 | D:1      | Reached skill level 1 in Dodging
   608 | D:1      | Reached XP level 3. HP: 10/18 MP: 2/4
  1251 | D:2      | Noticed Natasha
  1268 | D:2      | Killed Natasha
  1268 | D:2      | Gained mutation: Your natural rate of healing is unusually
                  | fast. [Vine Stalker growth]
  1268 | D:2      | Reached XP level 4. HP: 7/23 MP: 1/5
  1382 | D:2      | Reached skill level 6 in Stealth
  1411 | D:1      | Reached XP level 5. HP: 7/26 MP: 4/6
  1724 | D:2      | Gained mutation: Your flesh is cold resistant. (rC+)
                  | [potion of mutation]
  1724 | D:2      | Gained mutation: You passively map a small area around you.
                  | [potion of mutation]
  1792 | D:2      | Noticed Natasha
  1802 | D:2      | Killed Natasha
  2046 | D:3      | You fall through a shaft for 2 floors!
  2046 | D:5      | Entered Level 5 of the Dungeon
  2055 | D:5      | Noticed an ogre
  2068 | D:5      | Reached skill level 7 in Stealth
  2068 | D:5      | Reached XP level 6. HP: 30/30 MP: 7/7
  2299 | D:5      | Reached XP level 7. HP: 32/35 MP: 8/8
  2314 | D:4      | Found a glowing drain.
  2343 | D:4      | Reached skill level 8 in Stealth
  2416 | Sewer    | Entered a sewer
  2544 | Sewer    | Reached skill level 5 in Short Blades
  2670 | Sewer    | Found a white marble altar of Elyvilon.
  2741 | D:4      | Found an ornate altar of the Wu Jian Council.
  2838 | D:4      | Found a staircase to the Ecumenical Temple.
  2848 | Temple   | Entered the Ecumenical Temple
  3174 | D:3      | Noticed Jessica
  3177 | D:3      | Killed Jessica
  3971 | D:4      | Found an opulent altar of Gozag.
  4133 | D:4      | Reached skill level 9 in Stealth
  4496 | D:5      | Gained mutation: You have razor-sharp teeth. [Vine Stalker
                  | growth]
  4496 | D:5      | Reached XP level 8. HP: 24/39 MP: 5/9
  4818 | D:6      | Found a shadowy altar of Dithmenos.
  4862 | D:6      | Became a worshipper of Dithmenos the Shadowed
  4981 | D:6      | Found a hazy altar of Hepliaklqana.
  4993 | D:6      | Reached skill level 10 in Stealth
  5009 | D:6      | Found a sand-covered staircase.
  5026 | Ossuary  | Entered an ossuary
  5107 | Ossuary  | Reached * piety under Dithmenos
  5434 | D:6      | Reached ** piety under Dithmenos
  5452 | D:6      | Reached skill level 11 in Stealth
  5452 | D:6      | Reached XP level 9. HP: 29/42 MP: 7/10
  5519 | D:6      | Noticed a two-headed ogre
  5578 | D:6      | Demolished by a two-headed ogre

Skill      XL: |  1  2  3  4  5  6  7  8 |
---------------+-------------------------+-----
Short Blades   | 2 3 4 5 7 |  7.5
Stealth        | 5 6 7 9 11 | 11.3
Dodging        | 1 |  1.0
Fighting       | 2 |  2.0
Throwing       | 2 |  2.0

Action                   |  1- 3 |  4- 6 |  7- 9 || total
-------------------------+-------+-------+-------++-------
Melee: Dagger            |    79 |   149 |   463 ||   691
       Bite              |    21 |    49 |   172 ||   242
 Fire: Blowgun           |       |       |     5 ||     5
Throw: Javelin           |       |       |    13 ||    13
  Use: Potion            |     1 |     3 |     4 ||     8
       Scroll            |       |       |     8 ||     8
 Stab: Sleeping          |     4 |     4 |    23 ||    31
  Eat: Chunk             |       |     4 |     9 ||    13
       Ration            |       |       |     1 ||     1
Armor: Robe              |    16 |     5 |       ||    21
       Leather armour    |       |    34 |   103 ||   137
Dodge: Dodged            |    41 |    65 |   183 ||   289
